Construct Section Command Post
Construct Platoon Command Post
Selects Heavy Armor Battlegroup
Selects Rigorous Vehicle Training
Selects Forward Repair Assembly
Selects Light Vehicle Withdraw and Refit
6-pounder Anti-tank Gun Team
Unlock Bishop Self-propelled Artillery
Bishop Self-propelled Artillery
Light Vehicle Withdraw and Refit
Bishop Self-propelled Artillery
6-pounder Anti-tank Gun Team
Construct Company Command Post
6-pounder Anti-tank Gun Team